 Dungeon Crawl Stone Soup version 0.30-a0-883-g5ad918d77d (webtiles) character file.

Game seed: 16847261138285530340

9452 Ijustatesigmund the Thaumaturge (level 11, -2/84 HPs)
             Began as a Gnoll Fire Elementalist on Mar 14, 2023.
             Was an Elder of Cheibriados.
             Slain by a two-headed ogre
             ... wielding a +0 giant club
              (15 damage)
             ... on level 9 of the Dungeon on Mar 16, 2023.
             The game lasted 00:28:45 (9764 turns).

Ijustatesigmund the Thaumaturge (GnFE)              Turns: 9764, Time: 00:28:45

Health: -2/84      AC:  4    Str: 17    XL:     11   Next: 46%
Magic:  20/23      EV: 18    Int: 27    God:    Cheibriados [****..]
Gold:   456        SH:  7    Dex: 22    Spells: 9/27 levels left

rFire   . . .      SeeInvis .    u - +6 scimitar (heavy)
rCold   . . .      Faith    .    d - +0 buckler
rNeg    . . .      Spirit   .    a - +0 robe
rPois   +          Reflect  .    (no helmet)
rElec   .          Rampage  .    (no cloak)
rCorr   .                        p - +1 pair of gloves
Will    +....                    (no boots)
Stlth   ++++                     h - amulet of regeneration
HPRegen 1.14/turn                v - ring of poison resistance
MPRegen 0.18/turn                y - ring of willpower

@: very slow
A: fangs 1, strong nose, distributed training
a: Renounce Religion, Bend Time, Temporal Distortion, Slouch


You were on level 9 of the Dungeon.
You worshipped Cheibriados.
Cheibriados was greatly pleased with you.
You visited 2 branches of the dungeon, and saw 10 of its levels.
You also visited: Ossuary and Bailey.

You collected 673 gold pieces.
You spent 217 gold pieces at shops.

Inventory:

Hand Weapons
 j - a +5 war axe
 u - a +6 heavy scimitar (weapon)
 x - a +1 heavy flail
Missiles
 i - a throwing net
Armour
 a - a +0 robe (worn)
 d - a +0 buckler (worn)
 p - a +1 pair of gloves (worn)
Jewellery
 c - an amulet of reflection
 e - a ring of flight
 h - an amulet of regeneration (around neck)
 r - a ring of protection from fire
 v - a ring of poison resistance (left hand)
 y - a ring of willpower (right hand)
Wands
 s - a wand of flame (55)
 B - a wand of acid (1)
Scrolls
 f - 4 scrolls of fog
 g - 2 scrolls of teleportation
 o - a scroll of fear
 w - a scroll of enchant weapon
 C - 3 scrolls of noise
 E - a scroll of blinking
 F - a scroll of magic mapping
Potions
 b - 7 potions of magic
 k - 4 potions of mutation
 l - a potion of flight
 m - 4 potions of brilliance
 n - 3 potions of attraction
 q - 4 potions of curing
 t - 4 potions of cancellation
 z - 4 potions of haste
 A - 9 potions of invisibility {unknown}
 D - 4 potions of heal wounds
 G - a potion of resistance {unknown}


   Skills:
 + Level 7.0 Fighting
 + Level 7.0 Short Blades
 + Level 7.0 Long Blades
 + Level 7.0 Axes
 + Level 7.0 Maces & Flails
 + Level 7.0 Polearms
 + Level 7.0 Staves
 + Level 7.0 Ranged Weapons
 + Level 7.0 Throwing
 + Level 7.0 Armour
 + Level 8.5 Dodging
 + Level 8.2 Stealth
 + Level 7.0 Shields
 + Level 7.0 Unarmed Combat
 + Level 8.7 Spellcasting
 + Level 6.2 Conjurations
 + Level 5.8 Hexes
 + Level 5.8 Summonings
 + Level 5.8 Necromancy
 + Level 5.8 Translocations
 + Level 5.8 Transmutations
 + Level 8.1 Fire Magic
 + Level 5.8 Ice Magic
 + Level 5.8 Air Magic
 + Level 5.8 Earth Magic
 + Level 5.8 Poison Magic
 + Level 7.7 Invocations
 + Level 7.0 Evocations


You had 9 spell levels left.
You knew the following spells:

 Your Spells              Type           Power      Damage    Failure   Level
a - Foxfire               Conj/Fire      100%       2x1d9     1%          1
b - Scorch                Fire           100%       2d10      1%          2
c - Flame Wave            Conj/Fire      50%        2d12      3%          4
d - Dispel Undead         Necr           43%        3d17      5%          4
e - Iskenderun's Mystic   Conj/Tloc      44%        2d10      5%          4
f - Summon Guardian Gole  Hex/Summ       43%        N/A       1%          3

Your spell library contained the following spells:

 Spells                   Type           Power      Damage    Failure   Level
 Beastly Appendage        Tmut           86%        N/A       1%          1
 Kiss of Death            Conj/Necr      100%       2d13      1%          1
 Summon Small Mammal      Summ           100%       N/A       1%          1
 Wereblood                Tmut           43%        N/A       1%          2
 Call Canine Familiar     Summ           43%        N/A       1%          3
 Confusing Touch          Hex            43%        N/A       1%          3
 Dazzling Flash           Conj/Hex       88%        N/A       1%          3
 Inner Flame              Hex/Fire       49%        N/A       1%          3
 Kindle Blastsparks       Fire/Tloc/Air  94%        2d17      1%          3
 Spider Form              Tmut/Pois      43%        N/A       1%          3
 Starburst                Conj/Fire      25%        6d8       45%         6


Dungeon Overview and Level Annotations

Branches:
Dungeon (9/15)             Temple (1/1) D:6            Lair (0/5) D:8
Ossuary (visited)          Bailey (visited)
    Orc: D:9-12

Altars:
Ashenzari
Cheibriados
Dithmenos
Elyvilon
Hepliaklqana
Kikubaaqudgha
Makhleb
Nemelex Xobeh
Okawaru
Qazlal
Sif Muna
Trog
Vehumet
Wu Jian
Xom
Yredelemnul
Zin
The Shining One

Shops:
D:1 :((*!   D:4 *

Annotations:
Temple 2 transporters


Innate Abilities, Weirdness & Mutations

You have very sharp teeth.
Your uncanny sense of smell can sniff out nearby items.
Your experience applies equally to all skills.


Message History

You now have 456 gold pieces (gained 16).
E - a scroll of blinking You open the door.
Found a rapier.
Memorise Summon Guardian Golem, consuming 3 spell levels and leaving 9?
You start memorising the spell.
You continue memorising. x3
You finish memorising.
Spell assigned to 'f'.
A two-headed ogre comes into view.
It is wielding a +0 giant club and a +0 giant spiked club.
There is an open door here.
Casting: Iskenderun's Mystic Blast (dangerous; 5% risk of failure)
Confirm with . or Enter, or press ? or * to list all spells.
A guardian golem appears, shielding your allies.
The two-headed ogre shouts in stereo!
You hear a shout!
You barely miss the two-headed ogre. You block the two-headed ogre's attack.
The two-headed ogre barely misses you.
You barely miss the two-headed ogre.
You bite the two-headed ogre, but do no damage.
The two-headed ogre hits you with a +0 giant club!!
The two-headed ogre closely misses you.
You slice the two-headed ogre!! Your bite misses the two-headed ogre.
The two-headed ogre is moderately wounded.
The two-headed ogre hits you with a +0 giant club!
The two-headed ogre misses you.
You slash the two-headed ogre! You bite the two-headed ogre.
The two-headed ogre is severely wounded.
The two-headed ogre hits you with a +0 giant club!!
You block the two-headed ogre's attack.
An orc comes into view. It is wielding a +0 flail.
The two-headed ogre hits you with a +0 giant club!!
* * * LOW HITPOINT WARNING * * *
The two-headed ogre hits you with a +0 giant spiked club.
* * * LOW HITPOINT WARNING * * *
Casting: Summon Guardian Golem (safe; 1% risk of failure)
Confirm with . or Enter, or press ? or * to list all spells.
Flames lash the two-headed ogre.
The two-headed ogre is almost dead.
The two-headed ogre's fire resistance burns away.
You hear a shout!
The two-headed ogre hits you with a +0 giant club!
You die...

###############
#.............#
#.............#
#.............#
#....@..<.....#
#.....O9......#
#######'#######
...............
........)o.....
...............
..######.......
. .......
.......


You could see a two-headed ogre (combustible, ally target), an orc and a
friendly guardian golem (summoned).

Vanquished Creatures
  2 two-headed ogres
  The ghost of anet the Covered, a novice GrCj of Sif Muna (D:7)
  A cyclops (D:8)
  An unseen horror (D:7)
  An unseen horror zombie (D:7)
  Grinder (D:6)
  Sigmund (D:4)
  6 yaks (D:8)
  A steam dragon (D:8)
  Edmund (D:4)
  A water moccasin (D:7)
  A black bear (D:6)
  2 sky beasts
  4 orc warriors
  3 ogres
  A centaur (D:7)
  An elf zombie (Ossuary)
  2 kobold brigands
  2 bullfrogs
  2 gnoll sergeants
  A scorpion (D:5)
  6 wights (D:7)
  6 killer bees (D:8)
  2 electric eels (D:6)
  2 jellies
  2 howler monkeys (D:7)
  2 human zombies (Ossuary)
  4 hounds
  4 orc priests
  A gnoll bouda (D:5)
  3 iguanas
  2 centaur skeletons (D:7)
  Jessica (D:2)
  Ijyb (D:4)
  7 orc wizards
  3 sleepcaps
  2 centaur simulacra (D:7)
  3 hound zombies (Ossuary)
  4 mummies (Ossuary)
  24 gnolls
  5 adders
  3 shadow imps
  3 white imps (D:6)
  2 ufetubi
  An adder zombie (Ossuary)
  2 worms
  2 dart slugs
  32 orcs
  5 endoplasms
  6 giant cockroaches
  A gnoll zombie (Ossuary)
  5 goblins
  7 hobgoblins
  15 kobolds
  5 quokkas
  4 ball pythons
  8 bats
  4 frilled lizards
  2 goblin zombies (Ossuary)
  A hobgoblin zombie (Ossuary)
  2 rats
  A rat zombie (Ossuary)
231 creatures vanquished.

Vanquished Creatures (others)
  181 foxfires
181 creatures vanquished.

Grand Total: 412 creatures vanquished

Notes
Turn   | Place    | Note
-------+----------+-------------------------------------------
     0 | D:1      | Ijustatesigmund the Gnoll Fire Elementalist began the quest
                  | for the Orb.
     0 | D:1      | Reached XP level 1. HP: 13/13 MP: 6/6
    26 | D:1      | Found Xas Bia's Distillery.
   127 | D:1      | Found Eme Opa's Book Boutique.
   315 | D:1      | Found Ciguc's Assorted Antiques.
   323 | D:1      | Bought a scroll labelled AZAMOUGEEXT for 17 gold pieces
   461 | D:1      | Found a faded altar of an unknown god.
   502 | D:1      | Reached XP level 2. HP: 19/19 MP: 4/7
   533 | D:1      | Learned a level 2 spell: Scorch
   582 | D:1      | Found Yticuh's Antique Weapon Shoppe.
   684 | D:1      | Found Siq Lul's Weapon Shop.
   984 | D:2      | Reached skill level 5 in Spellcasting
   984 | D:2      | Reached XP level 3. HP: 25/25 MP: 5/9
  1086 | D:2      | Noticed Jessica
  1095 | D:2      | Killed Jessica
  1096 | D:2      | Reached skill level 1 in Fighting
  1096 | D:2      | Reached skill level 1 in Short Blades
  1096 | D:2      | Reached skill level 1 in Long Blades
  1096 | D:2      | Reached skill level 1 in Axes
  1096 | D:2      | Reached skill level 1 in Maces & Flails
  1096 | D:2      | Reached skill level 1 in Polearms
  1096 | D:2      | Reached skill level 1 in Staves
  1096 | D:2      | Reached skill level 1 in Ranged Weapons
  1096 | D:2      | Reached skill level 1 in Throwing
  1096 | D:2      | Reached skill level 1 in Armour
  1096 | D:2      | Reached skill level 1 in Shields
  1096 | D:2      | Reached skill level 1 in Unarmed Combat
  1096 | D:2      | Reached skill level 1 in Invocations
  1096 | D:2      | Reached skill level 1 in Evocations
  1259 | D:2      | Reached XP level 4. HP: 32/32 MP: 9/11
  2014 | D:3      | Reached skill level 1 in Hexes
  2014 | D:3      | Reached skill level 1 in Summonings
  2014 | D:3      | Reached skill level 1 in Necromancy
  2014 | D:3      | Reached skill level 1 in Translocations
  2014 | D:3      | Reached skill level 1 in Transmutations
  2014 | D:3      | Reached skill level 1 in Ice Magic
  2014 | D:3      | Reached skill level 1 in Air Magic
  2014 | D:3      | Reached skill level 1 in Earth Magic
  2014 | D:3      | Reached skill level 1 in Poison Magic
  2633 | D:3      | Identified the +7 sling of Wu Jian's Benevolence
                  | {antimagic, rN+}
  2863 | D:4      | Noticed Sigmund
  2874 | D:4      | Reached XP level 5. HP: 28/37 MP: 6/12
  2878 | D:4      | Killed Sigmund
  2879 | D:4      | Reached skill level 5 in Dodging
  2879 | D:4      | Reached XP level 6. HP: 18/44 MP: 1/14
  3030 | D:4      | Noticed Ijyb
  3043 | D:4      | Killed Ijyb
  3364 | D:1      | Bought a fading morningstar for 153 gold pieces
  3364 | D:1      | Identified the +8 morningstar of Fifiequc {antimagic, SInv}
                  | (You bought it in a shop on level 1 of the Dungeon)
  3365 | D:1      | Bought a yellow potion for 15 gold pieces
  3365 | D:1      | Bought a scroll labelled YSAOHA SAARA for 17 gold pieces
  3365 | D:1      | Bought a yellow potion for 15 gold pieces
  3741 | D:4      | Found Zeineil's General Store.
  3758 | D:4      | Identified the +2 dagger of Death's Door {pain, Contam
                  | Will+ rCorr Str+2}
  3846 | D:4      | Noticed Edmund
  3855 | D:4      | Killed Edmund
  4255 | D:5      | Entered Level 5 of the Dungeon
  4266 | D:5      | Reached XP level 7. HP: 42/50 MP: 5/15
  4469 | D:5      | Reached skill level 5 in Stealth
  4980 | D:5      | Reached XP level 8. HP: 56/58 MP: 5/16
  5373 | D:6      | Noticed Grinder
  5390 | D:6      | Paralysed by Grinder for 3 turns
  5397 | D:6      | Killed Grinder
  5990 | D:6      | Reached XP level 9. HP: 65/65 MP: 6/18
  6004 | D:6      | Reached skill level 5 in Conjurations
  6004 | D:6      | Reached skill level 5 in Hexes
  6004 | D:6      | Reached skill level 5 in Summonings
  6004 | D:6      | Reached skill level 5 in Necromancy
  6004 | D:6      | Reached skill level 5 in Translocations
  6004 | D:6      | Reached skill level 5 in Transmutations
  6004 | D:6      | Reached skill level 5 in Ice Magic
  6004 | D:6      | Reached skill level 5 in Air Magic
  6004 | D:6      | Reached skill level 5 in Earth Magic
  6004 | D:6      | Reached skill level 5 in Poison Magic
  6004 | D:6      | Reached XP level 10. HP: 76/76 MP: 6/21
  6010 | D:6      | Learned a level 4 spell: Flame Wave
  6015 | D:6      | Learned a level 4 spell: Dispel Undead
  6110 | D:6      | Found a staircase to the Ecumenical Temple.
  6120 | Temple   | Entered the Ecumenical Temple
  6120 | Temple   | Found a transporter.
  6120 | Temple   | Found a transporter.
  6122 | Temple   | Found a transporter.
  6122 | Temple   | Found a transporter.
  6143 | Temple   | Became a worshipper of Cheibriados the Contemplative
  6477 | D:6      | Identified a scroll of acquirement
  6477 | D:6      | Acquired a +6 heavy scimitar
  6672 | D:7      | Found a sand-covered staircase.
  6681 | Ossuary  | Entered an ossuary
  6972 | D:7      | Noticed anet's ghost (novice GrCj)
  6973 | D:7      | Found a runed translucent gate.
  6973 | D:7      | Found a runed translucent gate.
  6973 | D:7      | Found a runed translucent gate.
  6995 | D:7      | Reached * piety under Cheibriados
  7004 | D:7      | Killed anet's ghost
  7074 | D:7      | Noticed a two-headed ogre
  7582 | D:7      | Reached ** piety under Cheibriados
  8055 | D:7      | Killed an unseen horror
  8154 | D:7      | Killed a two-headed ogre
  8155 | D:7      | Reached XP level 11. HP: 44/83 MP: 19/23
  8478 | D:7      | Learned a level 4 spell: Iskenderun's Mystic Blast
  8478 | D:7      | Upgraded the game from 0.30-a0-879-ga8ba668304 to
                  | 0.30-a0-883-g5ad918d77d
  8711 | D:8      | Noticed a cyclops
  8733 | D:8      | Killed a cyclops
  8760 | D:8      | Found a flagged portal.
  8762 | D:8      | Noticed a two-headed ogre
  8769 | Bailey   | Entered a bailey
  8954 | Bailey   | Reached *** piety under Cheibriados
  9287 | D:8      | Killed a two-headed ogre
  9488 | D:8      | Reached **** piety under Cheibriados
  9655 | D:8      | Noticed a death yak
  9755 | D:9      | Learned a level 3 spell: Summon Guardian Golem
  9755 | D:9      | Noticed a two-headed ogre
  9764 | D:9      | Slain by a two-headed ogre

Illustrated notes

Levels and vault maps discovered:
D:1:      heliophobic_arrival_battle_scene, layout_rooms,
          shapermc_ecumenical_altar_starsandcircs, serial_shops, shop,
          nicolae_square_shop, shop_fountains, nicolae_lakefront_shop, shop,
          chequers_mini_garden, roderic_serpentine_path, minmay_tetromino_o4
D:2:      layout_loops_ring, uniq_jessica
D:3:      layout_loops_cross
D:4:      layout_cave_pods, serial_shops, nicolae_shop_window_shopping,
          uniq_ijyb, uniq_edmund, uniq_sigmund
D:5:      layout_basic
D:6:      layout_basic, temple_green, lightli_minifort, uniq_grinder
D:7:      layout_basic, nicolae_ossuary_entry_ruins, gammafunk_ghost_necromancy,
          kennysheep_cluttered_room, grunt_potential
D:8:      layout_basic, dpeg_lair_monsters, enter_bailey_2, uniq_gastronok
D:9:      layout_stronghold, minitemple, erik_orc_1
Temple:   hellmonk_temple_divided_pantheon

Skill      XL: |  1  2  3  4  5  6  7  8  9 10 11 |
---------------+----------------------------------+-----
Conjurations   | 2 3 5 6 |  6.2
Spellcasting   | 5 6 7 8 |  8.7
Fighting       | 1 2 3 6 7 |  7.0
Short Blades   | 1 2 3 6 7 |  7.0
Long Blades    | 1 2 3 6 7 |  7.0
Axes           | 1 2 3 6 7 |  7.0
Maces & Flails | 1 2 3 6 7 |  7.0
Polearms       | 1 2 3 6 7 |  7.0
Staves         | 1 2 3 6 7 |  7.0
Ranged Weapons | 1 2 3 6 7 |  7.0
Throwing       | 1 2 3 6 7 |  7.0
Armour         | 1 2 3 6 7 |  7.0
Shields        | 1 2 3 6 7 |  7.0
Unarmed Combat | 1 2 3 6 7 |  7.0
Invocations    | 1 2 3 4 6 7 |  7.7
Evocations     | 1 2 3 6 7 |  7.0
Hexes          | 1 2 3 5 |  5.8
Summonings     | 1 2 3 5 |  5.8
Necromancy     | 1 2 3 5 |  5.8
Translocations | 1 2 3 5 |  5.8
Transmutations | 1 2 3 5 |  5.8
Ice Magic      | 1 2 3 5 |  5.8
Air Magic      | 1 2 3 5 |  5.8
Earth Magic    | 1 2 3 5 |  5.8
Poison Magic   | 1 2 3 5 |  5.8
Dodging        | 5 6 7 8 |  8.5
Stealth        | 5 7 8 |  8.2
Fire Magic     | 6 7 8 |  8.1

Action                     |  1- 3 |  4- 6 |  7- 9 | 10-12 || total
---------------------------+-------+-------+-------+-------++-------
  Melee: Whip              |     1 |       |       |       ||     1
         Morningstar       |       |    17 |    95 |       ||   112
         Bite              |       |     1 |    16 |     9 ||    26
         Punch             |       |       |     1 |     4 ||     5
         Scimitar          |       |       |       |   123 ||   123
   Cast: Foxfire           |    39 |    59 |    10 |     6 ||   114
         Scorch            |     4 |    16 |     8 |    16 ||    44
         Flame Wave        |       |       |       |    13 ||    13
         Dispel Undead     |       |       |       |     3 ||     3
         Iskenderun's Myst |       |       |       |    18 ||    18
         Summon Guardian G |       |       |       |     1 ||     1
  Evoke: Wand              |       |     1 |     5 |    16 ||    22
    Use: Scroll            |     7 |     5 |     3 |    19 ||    34
         Potion            |       |     1 |     4 |     2 ||     7
   Stab: Sleeping          |       |     3 |       |    18 ||    21
         Distracted        |       |       |       |     1 ||     1
 Armour: Robe              |     3 |     8 |    21 |    37 ||    69
  Dodge: Dodged            |    10 |    31 |   111 |   166 ||   318
  Block: Buckler           |       |       |       |    17 ||    17

Table legend: (Time is in decaauts)
 A = Elapsed time spent in this place.
 B = Non-inter-level travel time spent in this place.
 C = Inter-level travel time spent in this place.
 D = Time resting spent in this place.
 E = Time spent auto-exploring this place.
 F = Levels seen in this place.
 G = Mean time per level.
                   A        B        C        D        E       F      G
               +--------+--------+--------+--------+--------+-----+--------+
         Total |  10646 |  10129 |    517 |   2365 |   5886 |  12 |  887.2 |
       Dungeon |   9639 |   9122 |    517 |   2063 |   5551 |   9 | 1071.0 |
        Temple |     42 |     42 |      0 |      0 |      0 |   1 |   42.0 |
       Ossuary |    316 |    316 |      0 |    103 |    171 |   1 |  316.0 |
        Bailey |    647 |    647 |      0 |    198 |    163 |   1 |  647.0 |
               +--------+--------+--------+--------+--------+-----+--------+

Top non-repeatable levels by time:
     D:7: 1917 daAuts
     D:6: 1672 daAuts
     D:4: 1212 daAuts
     D:2: 1154 daAuts
     D:5: 996 daAuts
     D:1: 948 daAuts
     D:3: 944 daAuts
     D:8: 760 daAuts
  Bailey: 647 daAuts
 Ossuary: 316 daAuts
  Temple: 42 daAuts
     D:9: 31 daAuts
